 Dungeon Crawl Stone Soup version 0.32-a0-699-g1ee5eff69a (webtiles) character file.

Game seed: 5627968287397664103

5088 ytrimaz the Grappler (level 10, -3/58 HPs)
             Began as an Octopode Shapeshifter on Mar 14, 2024.
             Slain by a wolf zombie (6 damage)
             ... in a bailey.
             The game lasted 00:08:14 (6458 turns).

ytrimaz the Grappler (Octopode Shapeshifter)        Turns: 6458, Time: 00:08:15

Health: -3/58      AC:  1    Str: 19    XL:     10   Next: 57%
Magic:  10/10      EV: 19    Int: 23    God:
Gold:   365        SH:  5    Dex: 12    Spells: 9/9 levels left

rFire   . .          .
                       - Unarmed
rCold   . . .        (shield currently unavailable)
rNeg    . . .        (helmet restricted)
rPois   .            k - amulet of reflection
rElec   .            o - +6 ring of strength
rCorr   .            g - +6 ring of intelligence
SInv    .            (no ring)
Will    .....        (no ring)
Stlth   ++           (no ring)
HPRegen 0.29/turn    (no ring)
MPRegen 0.12/turn    (no ring)
                     (no ring)

%: reflection
@: flux-form, glowing
A: glow, contaminating, almost no armour, amphibious, 8 rings, camouflage 1,
gelatinous body 1, nimble swimmer 1, tentacles, sense surroundings 1, subdued
magic 1
a: Begin Untransformation


You were in a bailey.
You were something dangerously unstable.
You visited 1 branch of the dungeon, and saw 7 of its levels.
You also visited: Bailey.

You collected 365 gold pieces.


Innate Abilities, Weirdness & Mutations

You are something dangerously unstable.
You glow with magical radiation, making you easy to see and hit.
Foes you strike become dangerously contaminated with magical radiation.
You are incapable of wielding weapons or throwing items.
You cannot wear most types of armour.
You are amphibious.
You can wear up to eight rings at the same time.
Your skin changes colour to match your surroundings (Stealth+).
Your rubbery body absorbs attacks. (AC +1, EV +1)
You are camouflaged when in or above water. (Stealth+)
You have tentacles for arms and can constrict up to eight enemies at once.
You passively map a small area around you.
Your spells are a little easier to cast, but a little less powerful.


   Skills:
 - Level 1.0 Fighting
 + Level 8.9 Dodging
 - Level 5.0 Stealth
 + Level 9.1 Unarmed Combat
 + Level 8.5 Shapeshifting


You had 9 spell levels left.
You didn't know any spells.
Your spell library contained the following spells:

 Spells                   Type           Power      Damage    Failure   Level
 Apportation              Tloc           0%         N/A       13%         1
 Ensorcelled Hibernation  Hex/Ice        0%         N/A       21%         2
 Jinxbite                 Hex            0%         N/A       21%         2
 Passwall                 Erth           0%         N/A       38%         3
 Swiftness                Air            0%         N/A       38%         3
 Alistair's Intoxication  Alch           0%         N/A       99%         5

Inventory:

Jewellery
 g - a +6 ring of intelligence (right tentacle)
   (You found it on level 4 of the Dungeon)
 k - an amulet of reflection (around mantle)
   (You found it on level 2 of the Dungeon)
 n - a ring of fire
   (You took it off an orc wizard on level 6 of the Dungeon)
 o - a +6 ring of strength (left tentacle)
   (You found it on level 2 of the Dungeon)
Talismans
 b - a beast talisman
 c - a flux talisman (active)
Wands
 m - a wand of digging (4)
   (You found it on level 6 of the Dungeon)
Scrolls
 a - a scroll of amnesia
 h - a scroll of enchant weapon
 i - 2 scrolls of vulnerability
 j - a scroll of torment
 l - a scroll of enchant armour
 q - a scroll of fog
 r - a scroll of poison
Potions
 d - 2 potions of haste
 f - a potion of mutation
 p - a potion of curing
Miscellaneous
 e - a phial of floods (inert) (quivered)
   (You found it in a bailey)

Dungeon Overview and Level Annotations

Branches:
Dungeon (7/15) Zot: 26853  Temple (0/1) D:7          Bailey (1/1) Zot: 5547

Altars:
Hepliaklqana
Kikubaaqudgha
Makhleb
Zin

Shops:
D:4

( .........##
..#..#....#♣♣♣♣♣♣♣♣♣
≈≈#..#≈≈≈≈≈≈≈≈≈≈≈≈≈♣♣♣
≈≈#..#≈≈≈≈≈≈≈≈≈≈≈≈≈≈≈♣♣
###..#.............≈≈≈♣♣
..#..########+#.....≈≈≈♣
..#..#* , , #..ß...≈≈♣
..#..# #~.....♣
..#..##+#####+#.p~ß.♣*
..#..#........##ZZ..♣
...............#.ß..♣♣
...........♣...#.....♣
#........♣.....##....♣
'..♣.......♣....#..ß.♣♣
#.♣.............#{....♣
#..........####'#.....♣
....♣....♣.#....#.....♣


You could see 2 wolf zombies.


Message History

Okay, then.
You feel better. Something closely misses you. 😮 HP[+8]
You regained 8 hp, and now have 36/58 hp.
Unknown command.
You see here the +0 ring mail of Follow the Leader {^Contam rElec rCorr Stlth+}. 😮 HP[+1]
Something hits you.
You see here a potion of mutation. 😮 HP[-2]
You take 2 damage, and now have 35/58 hp.
f - a potion of mutation Something hits you!
* * * LOW HITPOINT WARNING * * *
😨 HP[-17]
You take 17 damage, and now have 18/58 hp.
MASSIVE DAMAGE!! (PAUSE)
You see here a +2 cloak of poison resistance. 😨 HP[+1]
Something hits you!
* * * LOW HITPOINT WARNING * * *
You see here a potion of mutation. 😱 HP[-9]
You take 9 damage, and now have 10/58 hp.
Unknown command.
Blink to where?
Press: ? - help, Dir - move target
As you read the scroll of blinking, it crumbles to dust.
You close the large door. 😱 HP[+1] 😱 HP[+1]
Something unseen breaks down the large door.
Okay, then.
Okay, then.
Unknown command.
Okay, then.
Unknown command.
Okay, then.
Unknown command.
Okay, then. 😱 HP[+1] 😱 HP[+1]
There is a large open door here. 😨 HP[+1]
There is an open door here. 😨 HP[+1] 2 wolf zombies come into view. 😨 HP[+1]
A wolf zombie comes into view.
You block the wolf zombie's attack. The wolf zombie barely misses you.
The wolf zombie bites you.
* * * LOW HITPOINT WARNING * * *
😱 HP[-4]
You take 4 damage, and now have 13/58 hp.
Unknown command.
Aim the phial where?
Press: ? - help, Q - select action Shift-Dir - straight line The torrent of water misses the wolf zombie.
The wave splashes down.
The wolf zombie splashes around in the water.
The wolf zombie misses you. You block the wolf zombie's attack.
The wolf zombie splashes around in the water.
The wolf zombie closely misses you.
You closely miss the wolf zombie. Your grab misses the wolf zombie.
Your squeeze misses the wolf zombie. The wolf zombie completely misses you.
The wolf zombie barely misses you. You block the wolf zombie's attack.
The vampire casts a spell.
The vampire flickers and vanishes!
The wolf zombie splashes around in the water.
You tentacle-slap the wolf zombie.
The wolf zombie begins to glow.
You grab the wolf zombie. You squeeze the wolf zombie.
You constrict the wolf zombie. The wolf zombie barely misses you.
You block the wolf zombie's attack. The wolf zombie completely misses you.
The wolf zombie closely misses you. 😱 HP[+1]
You tentacle-slap the wolf zombie but do no damage.
The wolf zombie glows dangerously bright.
You squeeze the wolf zombie, but do no damage.
You constrict the wolf zombie. The wolf zombie barely misses you.
The wolf zombie misses you. The wolf zombie barely misses you.
The wolf zombie bites you.
* * * LOW HITPOINT WARNING * * *
The wolf zombie barely misses you. 😱 HP[-4]
You take 4 damage, and now have 10/58 hp.
You tentacle-slap the wolf zombie.
The wolf zombie shudders as magic cascades through it!!
You destroy the wolf zombie!
The wolf zombie bites you!
* * * LOW HITPOINT WARNING * * *
The wolf zombie misses you.
You enter the shallow water.
The wolf zombie attacks as it pursues you!
The wolf zombie bites you.
* * * LOW HITPOINT WARNING * * *
The wolf zombie completely misses you. 😱 HP[-8]
You take 8 damage, and now have 2/58 hp.
The wolf zombie bites you.
You die...

Skill      XL: |  1  2  3  4  5  6  7  8  9 10 |
---------------+-------------------------------+-----
Stealth        | 1 2 4 5 |  5.0
Dodging        | 3 4 6 8 |  8.9
Unarmed Combat | 4 5 6 8 9 |  9.1
Shapeshifting  | 4 5 6 7 8 |  8.5
Fighting       | |  1.0

Action                     |  1- 3 |  4- 6 |  7- 9 | 10-12 || total
---------------------------+-------+-------+-------+-------++-------
  Melee: Unarmed           |    49 |    57 |   243 |   133 ||   482
         Constrict         |    15 |    15 |    50 |    47 ||   127
         Tentacles         |     8 |     9 |    49 |    40 ||   106
         Punch             |     3 |     2 |    11 |       ||    16
  Evoke: Phial of floods   |       |       |       |     1 ||     1
    Use: Scroll            |       |     9 |     2 |     4 ||    15
         Potion            |       |       |     7 |     2 ||     9
   Stab: Sleeping          |     3 |    10 |     4 |       ||    17
 Armour: Skin              |    29 |    20 |   141 |    55 ||   245
  Dodge: Dodged            |    42 |    18 |   142 |   172 ||   374
  Block: Other             |     2 |    14 |    56 |    38 ||   110
         Reflection        |       |       |     1 |       ||     1
   Form: Flux              |       |       |     1 |       ||     1

Levels and vault maps discovered:
D:1:      dpeg_arrival_tiny_g, layout_loops_corners, minmay_heptomino_w4
D:2:      layout_rooms, basic_altar, uniq_terence, uniq_sigmund, uniq_jessica
D:3:      layout_basic, serial_bayou_pond_a
D:4:      layout_loops_ring, nicolae_stop_n_shop_2, st_stairs_13
D:5:      layout_loops_ring, minmay_circle_x
D:6:      layout_rooms, gammafunk_temple_overflow_forgotten
D:7:      layout_gridville, grunt_qazlal_clouds, minmay_temple_entry_glass,
          enter_bailey_3, uniq_pikel, uniq_crazy_yiuf_cottage
Bailey:   bailey_polearm_vampire_castle_hellmonk, bailey

Notes
Turn   | Place    | Note
-------+----------+-------------------------------------------
     0 | D:1      | ytrimaz the Octopode Shapeshifter began the quest for the
                  | Orb.
     0 | D:1      | Reached XP level 1. HP: 13/13 MP: 1/1
     0 | D:1      | magus.rc [v1.9.6]
   300 | D:1      | You pick up a book of Burglary and begin reading...
   300 | D:1      | You add the spells Ensorcelled Hibernation, Swiftness and
                  | Passwall to your library.
   352 | D:1      | Reached skill level 1 in Stealth
   352 | D:1      | Reached XP level 2. HP: 17/18 MP: 2/2
   890 | D:2      | Reached XP level 3. HP: 23/23 MP: 3/3
   966 | D:2      | Reached skill level 2 in Stealth
   966 | D:2      | Found a burning altar of Makhleb.
   973 | D:2      | Noticed Jessica
   980 | D:2      | Killed Jessica
   981 | D:2      | Reached XP level 4. HP: 14/28 MP: 4/4
  1061 | D:2      | Noticed Terence
  1076 | D:2      | Killed Terence
  1363 | D:2      | Noticed Sigmund
  1371 | D:2      | Killed Sigmund
  1372 | D:2      | Reached skill level 3 in Dodging
  1372 | D:2      | Reached skill level 4 in Stealth
  1372 | D:2      | Reached skill level 4 in Unarmed Combat
  1372 | D:2      | Reached skill level 4 in Shapeshifting
  1372 | D:2      | Reached XP level 5. HP: 33/33 MP: 5/5
  1372 | D:2      | Reached XP level 6. HP: 38/38 MP: 6/6
  1764 | D:3      | You pick up a book of Party Tricks and begin reading...
  1764 | D:3      | You add the spells Apportation, Jinxbite and Alistair's
                  | Intoxication to your library.
  2198 | D:4      | Found Vyarotzi's Antique Weapon Shoppe.
  2202 | D:4      | Noticed a black bear
  2210 | D:4      | Killed a black bear
  2348 | D:4      | Reached skill level 4 in Dodging
  2348 | D:4      | Reached XP level 7. HP: 41/43 MP: 7/7
  2474 | D:4      | Reached skill level 5 in Stealth
  2838 | D:4      | Reached skill level 5 in Unarmed Combat
  3156 | D:5      | Entered Level 5 of the Dungeon
  3214 | D:4      | HP: 2/43 [gnoll sergeant/+0 trident (16)]
  3390 | D:5      | HP: 5/43 [gnoll/+0 club[a gnoll sergeant] (8)]
  3391 | D:5      | Reached skill level 5 in Shapeshifting
  3398 | D:5      | Reached XP level 8. HP: 17/48 MP: 8/8
  3398 | D:5      | HP: 16/72 [gnoll/+0 flail[a gnoll sergeant] (1)]
  3411 | D:5      | HP: 16/72 [gnoll/+0 spear[a gnoll sergeant] (2)]
  3415 | D:5      | HP: 4/48 [gnoll/+0 spear[a gnoll sergeant] (7)]
  3578 | D:5      | Reached skill level 5 in Dodging
  3788 | D:5      | HP: 8/40 [ogre/+0 giant club (23)]
  3936 | D:5      | Noticed a yak
  3936 | D:5      | Noticed a yak
  3936 | D:5      | Noticed a yak
  3939 | D:5      | Noticed a yak
  3941 | D:5      | Killed a yak
  3941 | D:5      | Noticed a yak
  3942 | D:5      | Reached skill level 6 in Unarmed Combat
  3944 | D:5      | Noticed a yak
  3946 | D:5      | Killed a yak
  3950 | D:5      | Killed a yak
  3951 | D:5      | Reached skill level 6 in Dodging
  3951 | D:5      | Reached skill level 6 in Shapeshifting
  3957 | D:5      | Killed a yak
  3958 | D:5      | Reached XP level 9. HP: 53/53 MP: 9/9
  3965 | D:5      | Reached skill level 7 in Unarmed Combat
  3965 | D:5      | Gained mutation: You passively map a small area around you.
                  | [potion of mutation]
  3965 | D:5      | Gained mutation: Your spells are a little easier to cast,
                  | but a little less powerful. [potion of mutation]
  4101 | D:5      | Reached skill level 7 in Dodging
  4208 | D:5      | Reached skill level 7 in Shapeshifting
  4993 | D:5      | Reached skill level 8 in Unarmed Combat
  5366 | D:6      | Reached skill level 8 in Dodging
  5366 | D:6      | Reached XP level 10. HP: 57/58 MP: 10/10
  5799 | D:6      | Found a glowing silver altar of Zin.
  5799 | D:6      | Found an ancient bone altar of Kikubaaqudgha.
  5799 | D:6      | Found a hazy altar of Hepliaklqana.
  5828 | D:7      | Noticed Pikel
  5852 | D:7      | Killed Pikel
  5853 | D:7      | Reached skill level 8 in Shapeshifting
  5873 | D:7      | Found a flagged portal.
  5974 | Bailey   | Entered a bailey
  6183 | Bailey   | Reached skill level 9 in Unarmed Combat
  6310 | Bailey   | Noticed a gargoyle
  6318 | Bailey   | Killed a gargoyle
  6420 | Bailey   | Identified the +0 ring mail of Follow the Leader {^Contam
                  | rElec rCorr Stlth+}
  6424 | Bailey   | HP: 10/58 [something (9)]
  6451 | Bailey   | HP: 13/58 [wolf zombie (5)]
  6456 | Bailey   | HP: 3/58 [wolf zombie (7)]
  6458 | Bailey   | Slain by a wolf zombie

Vanquished Creatures
  Pikel (D:7)
  A gargoyle (Bailey)
  Sigmund (D:2)
  6 yaks (D:5)
  A water moccasin (D:5)
  An orc warrior (D:6)
  3 black bears
  4 ice beasts (D:5)
  5 ogres
  A centaur (D:5)
  2 lemures (D:6)
  A gnoll sergeant (D:4)
  4 wights
  3 scorpions
  8 vampire bats (Bailey)
  6 wolf zombies (Bailey)
  A howler monkey (D:6)
  2 bombardier beetles
  5 hounds
  2 jellies (D:6)
  A gnoll bouda (D:5)
  Jessica (D:2)
  2 sleepcaps
  Terence (D:2)
  An iguana (D:5)
  4 orc wizards
  16 gnolls
  9 adders
  2 white imps
  A ribbon worm (D:4)
  4 dart slugs
  21 orcs
  10 ball pythons
  7 endoplasms
  2 giant cockroaches
  6 goblins
  5 hobgoblins
  2 quokkas
  10 bats
  5 frilled lizards
  5 kobolds
  15 orc zombies (Bailey)
  6 rats
194 creatures vanquished.

Table legend:
 A = Non-vault XP
 B = Vault XP
 C = Vault XP percentage of total XP
 D = Non-vault monster count
 E = Vault monster count
 F = Vault count percentage of total count
                 A         B        C        D         E       F
            +---------+---------+-------+---------+---------+-------
      Total |    4089 |    3180 |  43.7 |     135 |      57 |  29.7
            +---------+---------+-------+---------+---------+-------
        D:1 |      20 |      13 |  39.4 |      12 |       9 |  42.9
        D:2 |      45 |     304 |  87.1 |      20 |       3 |  13.0
        D:3 |      72 |       0 |   0.0 |      11 |       0 |   0.0
        D:4 |     495 |     115 |  18.9 |      25 |       2 |   7.4
        D:5 |    2351 |     843 |  26.4 |      44 |       8 |  15.4
        D:6 |    1106 |       0 |   0.0 |      23 |       0 |   0.0
        D:7 |       0 |     658 | 100.0 |       0 |       5 | 100.0
     Bailey |       0 |    1247 | 100.0 |       0 |      30 | 100.0
            +---------+---------+-------+---------+---------+-------

Skill      XL: |  1  2  3  4  5  6  7  8  9 10 |
---------------+-------------------------------+-----
Stealth        | 1 2 4 5 |  5.0
Dodging        | 3 4 6 8 |  8.9
Unarmed Combat | 4 5 6 8 9 |  9.1
Shapeshifting  | 4 5 6 7 8 |  8.5
Fighting       | |  1.0

Action                     |  1- 3 |  4- 6 |  7- 9 | 10-12 || total
---------------------------+-------+-------+-------+-------++-------
  Melee: Unarmed           |    49 |    57 |   243 |   133 ||   482
         Constrict         |    15 |    15 |    50 |    47 ||   127
         Tentacles         |     8 |     9 |    49 |    40 ||   106
         Punch             |     3 |     2 |    11 |       ||    16
  Evoke: Phial of floods   |       |       |       |     1 ||     1
    Use: Scroll            |       |     9 |     2 |     4 ||    15
         Potion            |       |       |     7 |     2 ||     9
   Stab: Sleeping          |     3 |    10 |     4 |       ||    17
 Armour: Skin              |    29 |    20 |   141 |    55 ||   245
  Dodge: Dodged            |    42 |    18 |   142 |   172 ||   374
  Block: Other             |     2 |    14 |    56 |    38 ||   110
         Reflection        |       |       |     1 |       ||     1
   Form: Flux              |       |       |     1 |       ||     1

Illustrated notes

Table legend:
 A = Kills in this place as a percentage of kills in the entire game.
 B = Kills by you in this place as a percentage of kills by you in the entire game.
 C = Kills by friends in this place as a percentage of kills by friends in the entire game.
 D = Other kills in this place as a percentage of other kills in the entire game.
 E = Experience gained in this place as a percentage of experience gained in the entire game.
 F = Experience gained in this place divided by the number of levels of this place that you have seen.
                   A       B       C       D       E      F
               +-------+-------+-------+-------+-------+----------------------
         Total | 100.0 | 100.0 |   N/A |   N/A | 100.0 | 908.6
       Dungeon |  84.4 |  84.4 |   N/A |   N/A |  82.8 | 860.3
        Bailey |  15.6 |  15.6 |   N/A |   N/A |  17.2 | 1247.0
               +-------+-------+-------+-------+-------+----------------------

Table legend: (Time is in decaauts)
 A = Elapsed time spent in this place.
 B = Non-inter-level travel time spent in this place.
 C = Inter-level travel time spent in this place.
 D = Time resting spent in this place.
 E = Time spent auto-exploring this place.
 F = Levels seen in this place.
 G = Mean time per level.
                   A        B        C        D        E       F      G
               +--------+--------+--------+--------+--------+-----+--------+
         Total |   6371 |   6112 |    259 |    890 |   3857 |   8 |  796.4 |
       Dungeon |   5920 |   5661 |    259 |    752 |   3733 |   7 |  845.7 |
        Bailey |    451 |    451 |      0 |    138 |    123 |   1 |  451.0 |
               +--------+--------+--------+--------+--------+-----+--------+

Top non-repeatable levels by time:
     D:5: 1531 daAuts
     D:4: 1436 daAuts
     D:1: 883 daAuts
     D:3: 738 daAuts
     D:6: 615 daAuts
     D:2: 575 daAuts
  Bailey: 451 daAuts
     D:7: 138 daAuts
